 Dungeon Crawl Stone Soup version 0.31-a0-983-g7b6862f502 (webtiles) character file.

Game seed: 3224169432533127603

75 billz999 the Sneak (level 4, -2/27 HPs)
             Began as an Octopode Earth Elementalist on Nov 2, 2023.
             Killed from afar by Sigmund (10 damage)
             ... with a puff of flame
             ... on level 3 of the Dungeon.
             The game lasted 00:02:58 (1733 turns).

billz999 the Sneak (Octopode Earth Elementalist)    Turns: 1733, Time: 00:02:59

Health: -2/27      AC:  1    Str:  7    XL:     4   Next: 31%
Magic:  7/7        EV: 13    Int: 19    God:
Gold:   95         SH:  0    Dex: 12    Spells: 6/7 levels left

rFire   . . .        h - +0 sling
rCold   . . .        (no shield)
rNeg    . . .        (helmet restricted)
rPois   .            (no amulet)
rElec   .            (no ring)
rCorr   .            (no ring)
SInv    .            (no ring)
Will    .....        (no ring)
Stlth   ++           (no ring)
HPRegen 0.24/turn    (no ring)
MPRegen 0.10/turn    (no ring)
                     (no ring)

%: no passive effects
@: confused
A: almost no armour, amphibious, 8 rings, camouflage 1, gelatinous body 1,
(nimble swimmer 1), tentacles
a: no special abilities


You were on level 3 of the Dungeon.
You visited 1 branch of the dungeon, and saw 3 of its levels.

You collected 95 gold pieces.

Inventory:

Hand Weapons
 h - a +0 sling (weapon)
Missiles
 f - 11 poisoned darts
Scrolls
 b - 2 scrolls of identify {unknown}
 g - a scroll of teleportation {unknown}
Potions
 a - 2 potions of magic
 c - a potion of brilliance {unknown}
 d - a potion of lignification {unknown}
 e - a potion of cancellation {unknown}
 i - a potion of attraction {unknown}
 j - a potion of degeneration {unknown}


   Skills:
 - Level 2.0 Ranged Weapons
 - Level 2.0 Dodging
 + Level 5.3 Stealth
 * Level 2.0 Spellcasting
 - Level 1.0 Transmutations
 + Level 3.0 Earth Magic


You had 6 spell levels left.
You knew the following spells:

 Your Spells              Type           Power      Damage    Failure   Level
a - Sandblast             Erth           26%        2d8       4%          1

Your spell library contained the following spells:

 Spells                   Type           Power      Damage    Failure   Level
 Passwall                 Tmut/Erth      7%         N/A       11%         2
 Stone Arrow              Conj/Erth      14%        3d7       26%         3
 Petrify                  Tmut/Erth      9%         N/A       58%         4
 Brom's Barrelling Bould  Conj/Erth      7%         2d3       65%         4


Dungeon Overview and Level Annotations

Branches:
Dungeon (3/15)

Altars:
Xom

Annotations:
D:3 Sigmund


Innate Abilities, Weirdness & Mutations

You cannot wear most types of armour.
You are amphibious.
You can wear up to eight rings at the same time.
Your skin changes colour to match your surroundings (Stealth+).
Your rubbery body absorbs attacks. (AC +1, EV +1)
((You are camouflaged when in or above water. (Stealth+)))
You have tentacles for arms and can constrict up to eight enemies at once.


Message History

Level annotation: Sigmund
Found a scroll labelled WEADECY ZEN MENOMM.
Found a stone staircase leading down.
There is a stone staircase leading up here.
You shoot a sling bullet.
The sling bullet hits the dart slug but does no damage.
Sigmund gestures at you while chanting.
You are confused.
Sigmund casts a spell.
Sigmund flickers and vanishes!
Deactivating autopickup; reactivate with Ctrl-A.
You climb upwards.
Reactivating autopickup.
There is a stone staircase leading down here.
You are too confused!
In your confused state, you trip and fall down the stairs.
You climb downwards.
Level annotation: Sigmund The dart slug launches a dart at you.
The slug dart hits you.
A magic dart appears from out of thin air!
Deactivating autopickup; reactivate with Ctrl-A.
The magic dart hits you.
A hobgoblin comes into view.
There is a stone staircase leading up here.
In your confused state, you trip and fall back down the stairs.
You feel less confused.
The hobgoblin shouts!
You are confused.
An endoplasm comes into view.
The dart slug launches a dart at you. The slug dart hits you.
A magic dart appears from out of thin air!
The magic dart hits you!
* * * LOW HITPOINT WARNING * * *
In your confused state, you trip and fall back down the stairs.
* * * LOW HITPOINT WARNING * * *
A puff of flame appears from out of thin air!
The puff of flame hits you!
You die...

#<....... #.######...S#
.. .... #....# ...
...... #....# ....
......{. #....##....
..........#..........
..............w.......
.......................
.......@.......
##.#...........
#..?.....##.
###.....g.# ..........
.#.......J. .#.........
. ....>.....


You could see a dart slug, an endoplasm (wandering), a hobgoblin and a ball
python (asleep).

Vanquished Creatures
  An iguana (D:2)
  An adder (D:2)
  A dart slug (D:1)
  2 endoplasms (D:2)
  4 giant cockroaches
  3 goblins
  3 hobgoblins
  7 jackals
  2 quokkas (D:1)
  2 ball pythons (D:1)
  A bat (D:1)
  2 frilled lizards
  2 kobolds
  4 rats
35 creatures vanquished.

Notes
Turn   | Place    | Note
-------+----------+-------------------------------------------
     0 | D:1      | billz999 the Octopode Earth Elementalist began the quest
                  | for the Orb.
     0 | D:1      | Reached XP level 1. HP: 11/11 MP: 3/3
   129 | D:1      | Reached skill level 3 in Stealth
   336 | D:1      | Reached XP level 2. HP: 17/17 MP: 3/5
   383 | D:1      | Reached skill level 4 in Stealth
  1139 | D:2      | Reached XP level 3. HP: 21/21 MP: 3/6
  1272 | D:2      | Reached skill level 1 in Ranged Weapons
  1272 | D:2      | Reached skill level 5 in Stealth
  1293 | D:2      | Reached XP level 4. HP: 15/27 MP: 0/7
  1469 | D:2      | Found a shimmering altar of Xom.
  1701 | D:3      | Noticed Sigmund
  1733 | D:3      | Killed from afar by Sigmund

Illustrated notes

Levels and vault maps discovered:
D:1:      mrwooster_arrival_statue_3, layout_basic
D:2:      layout_rooms, basic_altar, nrook_mini_vaults,
          nicolae_kite_square_tiling_tiny, reono_crystal_passage,
          corexii_leaking_fountain
D:3:      wad_crossroads, layout_basic, lemuel_zombie_altar_kikubaaqudgha,
          xom_confusion_cloud, hellmonk_ghost_happy_afterlife,
          uniq_crazy_yiuf_cottage, uniq_sigmund

Skill      XL: |  1  2  3  4 |
---------------+-------------+-----
Stealth        | 3 4 5 |  5.3
Ranged Weapons | 1 2 |  2.0
Dodging        | |  2.0
Spellcasting   | |  2.0
Transmutations | |  1.0
Earth Magic    | |  3.0

Action                     |  1- 3 |  4- 6 || total
---------------------------+-------+-------++-------
  Melee: Unarmed           |     5 |       ||     5
         Constrict         |     2 |       ||     2
         Tentacles         |     2 |       ||     2
   Fire: Sling             |    24 |    14 ||    38
   Cast: Sandblast         |    39 |     2 ||    41
 Armour: Skin              |     9 |     5 ||    14
  Dodge: Dodged            |    21 |       ||    21

Table legend: (Time is in decaauts)
 A = Elapsed time spent in this place.
 B = Non-inter-level travel time spent in this place.
 C = Inter-level travel time spent in this place.
 D = Time resting spent in this place.
 E = Time spent auto-exploring this place.
 F = Levels seen in this place.
 G = Mean time per level.
                   A        B        C        D        E       F      G
               +--------+--------+--------+--------+--------+-----+--------+
         Total |   1768 |   1664 |    104 |     47 |   1392 |   3 |  589.3 |
       Dungeon |   1768 |   1664 |    104 |     47 |   1392 |   3 |  589.3 |
               +--------+--------+--------+--------+--------+-----+--------+

Top non-repeatable levels by time:
     D:1: 1157 daAuts
     D:2: 602 daAuts
     D:3: 9 daAuts
